 Dungeon Crawl Stone Soup version 0.25-a0-949-gdd2af9e06e (webtiles) character file.

Game seed: 7853337766899752795, levelgen mode: deterministic

125 gruber the Chiller (level 5, -3/37 HPs)
             Began as a Gnoll Ice Elementalist on May 8, 2020.
             Killed from afar by Sigmund (9 damage)
             ... with a puff of flame
             ... on level 2 of the Dungeon.
             The game lasted 00:02:47 (2067 turns).

gruber the Chiller (Gnoll Ice Elementalist)         Turns: 2067, Time: 00:02:47

Health: -3/37      AC:  5    Str: 10    XL:     5   Next: 9%
Magic:  6/12       EV: 15    Int: 18    God:
Gold:   121        SH:  0    Dex: 16    Spells: 3/14 levels left

rFire    . . .     SeeInvis .   n - +0 whip
rCold    . . .     Gourm    .   (no shield)
rNeg     . . .     Faith    .   a - +0 robe
rPois    .         Spirit   .   (no helmet)
rElec    .         Reflect  .   (no cloak)
rCorr    .         Harm     .   (no gloves)
MR       .....                  (no boots)
Stlth    +++.......             e - amulet of rage
HPRegen  0.12/turn              d - +3 ring of protection
MPRegen  0.13/turn              (no ring)

@: frozen ramparts
A: distributed training, fangs 1, strong nose
a: Evoke Berserk Rage


You were on level 2 of the Dungeon.
You were not hungry.

You visited 1 branch of the dungeon, and saw 2 of its levels.

You collected 121 gold pieces.

Inventory:

Hand Weapons
 n - a +0 whip (weapon)
Missiles
 r - 5 poisoned darts (quivered)
Armour
 a - a +0 robe (worn)
Jewellery
 d - a +3 ring of protection (left hand)
 e - an amulet of rage (around neck)
 i - a +2 amulet of reflection {unknown}
Scrolls
 f - 2 scrolls of magic mapping {unknown}
 g - a scroll of remove curse {unknown}
 h - 4 scrolls of identify {unknown}
 j - a scroll of teleportation {unknown}
 l - 2 scrolls of amnesia {unknown}
 o - a scroll of blinking {unknown}
Potions
 b - a potion of brilliance {unknown}
 k - a potion of curing {unknown}
 m - a potion of heal wounds {unknown}
 p - a potion of haste {unknown}
 q - a potion of mutation {unknown}
 s - 2 potions of resistance {unknown}
 t - a potion of stabbing {unknown}
 v - a potion of berserk rage {unknown}
Comestibles
 c - 4 rations


   Skills:
 + Level 1.3 Fighting
 + Level 1.3 Short Blades
 + Level 1.3 Long Blades
 + Level 1.3 Axes
 + Level 1.3 Maces & Flails
 + Level 1.3 Polearms
 + Level 1.3 Staves
 + Level 1.3 Slings
 + Level 1.3 Bows
 + Level 1.3 Crossbows
 + Level 1.3 Throwing
 + Level 1.3 Armour
 + Level 4.7 Dodging
 + Level 4.3 Stealth
 + Level 1.3 Shields
 + Level 1.3 Unarmed Combat
 + Level 5.1 Spellcasting
 + Level 1.0 Conjurations
 + Level 1.0 Hexes
 + Level 1.0 Charms
 + Level 1.0 Summonings
 + Level 1.0 Necromancy
 + Level 1.0 Translocations
 + Level 1.0 Transmutations
 + Level 1.0 Fire Magic
 + Level 7.1 Ice Magic
 + Level 1.0 Air Magic
 + Level 1.0 Earth Magic
 + Level 1.0 Poison Magic
 + Level 1.4 Invocations
 + Level 1.3 Evocations


You had 3 spell levels left.
You knew the following spells:

 Your Spells              Type           Power        Failure   Level  Hunger
a - Freeze                Ice            ####         1%          1    None
b - Frozen Ramparts       Ice            ####..       1%          3    ##.....
c - Ozocubu's Armour      Chrm/Ice       ###.....     7%          3    ##.....
d - Hailstorm             Conj/Ice       ###.....     24%         4    ####...

Your spell library contained the following spells:

 Spells                   Type           Power        Failure   Level  Hunger
 Summon Ice Beast         Ice/Summ       ###.....     24%         4    ####...


Dungeon Overview and Level Annotations

Branches:
Dungeon (2/15)

Altars:
Ashenzari

Annotations:
D:2 Sigmund


Innate Abilities, Weirdness & Mutations

Your experience applies equally to all skills.
You have very sharp teeth.
Your uncanny sense of smell can sniff out nearby items.


Message History

Confirm with . or Enter, or press ? or * to list all spells.
You can't see any susceptible monsters within range! (Use Z to cast anyway.)
Casting: Ozocubu's Armour (dangerous; 7% risk of failure)
Confirm with . or Enter, or press ? or * to list all spells.
The walls around you are covered in ice.
Unknown command.
Sigmund appears from thin air!
Reactivating autopickup.
Sigmund resists.
The wall freezes Sigmund.
Sigmund screams, "Die, monster!"
Sigmund closely misses you.
Throwing (i - inventory)
r - 6 poisoned darts (quivered)
Press: ? - help, Shift-Dir - straight line, f/p - Sigmund
Aim: Sigmund, wielding a +0 scythe and wearing a +2 robe of resistance (almost dead)
You throw a poisoned dart.
The poisoned dart closely misses Sigmund.
Sigmund resists.
The wall freezes Sigmund.
Sigmund casts a spell at you. The puff of flame hits you!
You die...

#....#.##..........##..[...###.##
#......###.......#.####.##.# #.#.
#.###..# ##.....##......##.# #.#.
#......# ##...###########.# #.#.
#####.## ##'## #.# #.#. #.# #.#
#.# #>.. #.# #.########## #.#
###. #.# ##.##........ ..# ## #.#
###...#@## #.# #....@...# #.#
#.#(.....# #.####.##.###(#
#.............# ###############


You could see Sigmund.

Vanquished Creatures
  Natasha (twice) (D:2)
  3 adders (D:2)
  An ooze (D:1)
  2 worms (D:2)
  A dart slug (D:2)
  A giant cockroach (D:1)
  A goblin (D:1)
  6 hobgoblins
  7 jackals
  A ball python (D:2)
  4 frilled lizards
  9 kobolds
  2 rats (D:2)
40 creatures vanquished.

Notes
Turn   | Place    | Note
-------+----------+-------------------------------------------
     0 | D:1      | gruber the Gnoll Ice Elementalist began the quest for the
                  | Orb.
     0 | D:1      | Reached XP level 1. HP: 13/13 MP: 6/6
   310 | D:1      | Reached XP level 2. HP: 19/19 MP: 5/7
   714 | D:2      | Reached XP level 3. HP: 14/25 MP: 9/9
   859 | D:2      | Reached skill level 5 in Spellcasting
   905 | D:2      | Learned a level 3 spell: Frozen Ramparts
  1095 | D:2      | Found a shattered altar of Ashenzari.
  1189 | D:2      | Reached skill level 1 in Invocations
  1327 | D:2      | Noticed Natasha
  1333 | D:2      | Killed Natasha
  1333 | D:2      | Reached skill level 1 in Fighting
  1333 | D:2      | Reached skill level 1 in Short Blades
  1333 | D:2      | Reached skill level 1 in Long Blades
  1333 | D:2      | Reached skill level 1 in Axes
  1333 | D:2      | Reached skill level 1 in Maces & Flails
  1333 | D:2      | Reached skill level 1 in Polearms
  1333 | D:2      | Reached skill level 1 in Staves
  1333 | D:2      | Reached skill level 1 in Slings
  1333 | D:2      | Reached skill level 1 in Bows
  1333 | D:2      | Reached skill level 1 in Crossbows
  1333 | D:2      | Reached skill level 1 in Throwing
  1333 | D:2      | Reached skill level 1 in Armour
  1333 | D:2      | Reached skill level 1 in Shields
  1333 | D:2      | Reached skill level 1 in Unarmed Combat
  1333 | D:2      | Reached skill level 1 in Evocations
  1333 | D:2      | Reached XP level 4. HP: 21/32 MP: 4/11
  1615 | D:2      | Noticed Natasha
  1704 | D:2      | Killed Natasha
  1704 | D:2      | Reached skill level 1 in Conjurations
  1704 | D:2      | Reached skill level 1 in Hexes
  1704 | D:2      | Reached skill level 1 in Charms
  1704 | D:2      | Reached skill level 1 in Summonings
  1704 | D:2      | Reached skill level 1 in Necromancy
  1704 | D:2      | Reached skill level 1 in Translocations
  1704 | D:2      | Reached skill level 1 in Transmutations
  1704 | D:2      | Reached skill level 1 in Fire Magic
  1704 | D:2      | Reached skill level 1 in Air Magic
  1704 | D:2      | Reached skill level 1 in Earth Magic
  1704 | D:2      | Reached skill level 1 in Poison Magic
  1831 | D:2      | Reached XP level 5. HP: 37/37 MP: 7/12
  2022 | D:2      | Noticed Sigmund
  2030 | D:2      | Learned a level 3 spell: Ozocubu's Armour
  2035 | D:2      | Learned a level 4 spell: Hailstorm
  2067 | D:2      | Killed from afar by Sigmund

Levels and vault maps discovered:
D:1:      minmay_arrival_widening_spiral_wide, layout_basic
D:2:      layout_loops_corners, ashenzari_altar_1, uniq_sigmund, uniq_natasha

Skill      XL: |  1  2  3  4 |
---------------+-------------+-----
Spellcasting   | 5 |  5.1
Invocations    | 1 |  1.4
Fighting       | 1 |  1.3
Short Blades   | 1 |  1.3
Long Blades    | 1 |  1.3
Axes           | 1 |  1.3
Maces & Flails | 1 |  1.3
Polearms       | 1 |  1.3
Staves         | 1 |  1.3
Slings         | 1 |  1.3
Bows           | 1 |  1.3
Crossbows      | 1 |  1.3
Throwing       | 1 |  1.3
Armour         | 1 |  1.3
Shields        | 1 |  1.3
Unarmed Combat | 1 |  1.3
Evocations     | 1 |  1.3
Conjurations   | 1 |  1.0
Hexes          | 1 |  1.0
Charms         | 1 |  1.0
Summonings     | 1 |  1.0
Necromancy     | 1 |  1.0
Translocations | 1 |  1.0
Transmutations | 1 |  1.0
Fire Magic     | 1 |  1.0
Air Magic      | 1 |  1.0
Earth Magic    | 1 |  1.0
Poison Magic   | 1 |  1.0
Dodging        | |  4.7
Stealth        | |  4.3
Ice Magic      | |  7.1

Action                   |  1- 3 |  4- 6 || total
-------------------------+-------+-------++-------
Melee: Unarmed           |    11 |       ||    11
       Whip              |     6 |     9 ||    15
       Bite              |     1 |     1 ||     2
Throw: Dart              |       |     7 ||     7
 Cast: Freeze            |    31 |     8 ||    39
       Frozen Ramparts   |     2 |     6 ||     8
       Ozocubu's Armour  |       |     1 ||     1
 Stab: Sleeping          |     1 |       ||     1
  Eat: Chunk             |     1 |     3 ||     4
Armor: Robe              |     7 |     4 ||    11
Dodge: Dodged            |    20 |    13 ||    33

Table legend:
 A = Non-vault XP
 B = Vault XP
 C = Vault XP percentage of total XP
 D = Non-vault monster count
 E = Vault monster count
 F = Vault count percentage of total count
                 A         B        C        D         E       F
            +---------+---------+-------+---------+---------+-------
      Total |     147 |      32 |  17.9 |      39 |       1 |   2.5
            +---------+---------+-------+---------+---------+-------
        D:1 |      32 |       0 |   0.0 |      16 |       0 |   0.0
        D:2 |     115 |      32 |  21.8 |      23 |       1 |   4.2
            +---------+---------+-------+---------+---------+-------
